 Dungeon Crawl Stone Soup version 0.31-a0-325-g067879e3d3 (webtiles) character file.

Game seed: 17018238593603020909

95 cforsyth the Changeling (level 4, -5/34 HPs)
             Began as a Vampire Shapeshifter on July 19, 2023.
             Slain by Natasha (8 damage)
             ... on level 2 of the Dungeon.
             The game lasted 00:01:15 (917 turns).

cforsyth the Changeling (Vampire Shapeshifter)       Turns: 917, Time: 00:01:16

Health: -5/34      AC:  2    Str: 16    XL:     4   Next: 40%
Magic:  4/4        EV: 13    Int: 10    God:
Gold:   51         SH:  0    Dex: 14    Spells: 3/3 levels left

rFire   . .          .
                       - Unarmed
rCold   . . .        (no shield)
rNeg    . . .        a - +0 animal skin
rPois   .            (helmet currently unavailable)
rElec   .            (cloak currently unavailable)
rCorr   .            (gloves currently unavailable)
SInv    +            (boots currently unavailable)
Will    .....        (no amulet)
Stlth   +            (no ring)
HPRegen 0.45/turn    (no ring)
MPRegen 0.09/turn

%: no passive effects
@: beast-form, healing quickly
A: beast (slay +2), alive, fangs 3, see invisible, vampiric 2
a: Exsanguinate, Begin Untransformation


You were on level 2 of the Dungeon.
You were a hulking beast.
You visited 1 branch of the dungeon, and saw 2 of its levels.

You collected 51 gold pieces.

Inventory:

Armour
 a - a +0 animal skin (worn)
Talismans
 c - a beast talisman
Scrolls
 d - a scroll of teleportation {unknown}
Potions
 b - a potion of lignification
 e - a potion of curing {unknown}
 f - a potion of magic {unknown}


   Skills:
 + Level 2.6 Fighting
 + Level 3.2 Dodging
 + Level 3.2 Unarmed Combat
 + Level 3.8 Shapeshifting


You had 3 spell levels left.
You didn't know any spells.
Your spell library was empty.

Dungeon Overview and Level Annotations

Branches:
Dungeon (2/15)

Altars:

Annotations:
D:2 Natasha


Innate Abilities, Weirdness & Mutations

You are a hulking beast.
Your limbs bulge with bestial killing power. (Slay +2)
Your natural rate of healing is accelerated.
You have razor-sharp teeth.
You have supernaturally acute eyesight. (SInv)
You are afflicted with vampirism and can become a bat while bloodless.


Message History

You hit Natasha. You bite Natasha, but do no damage.
Natasha is almost dead.
Natasha claws you but does no damage.
You punch Natasha!
You kill Natasha!
Natasha screams in fury as she dies!
Natasha, Servant of Life and Death comes into view.
Natasha is nearby!
Natasha is nearby!
Natasha is nearby!
Natasha is nearby!
There is an open door here.
Natasha casts a spell.
Natasha casts a spell at you.
You feel yourself slow down.
Natasha stares at you and mumbles some strange words.
The magic dart hits you!
The cerulean imp hits you from afar with a +1 spear.
The cerulean imp hits you from afar with a +1 spear.
The cerulean imp hits you from afar with a +1 spear.
* * * LOW HITPOINT WARNING * * *
The cerulean imp misses you. Natasha attacks as you move away!
Natasha claws you.
* * * LOW HITPOINT WARNING * * *
The cerulean imp disappears in a puff of smoke!
Natasha casts a spell at you. The magic dart hits you!
* * * LOW HITPOINT WARNING * * *
You feel yourself speed up. Natasha closely misses you.
Okay, then.
You hit Natasha. Your punch misses Natasha.
Natasha is moderately wounded.
Natasha barely misses you.
You hit Natasha but do no damage. Your punch misses Natasha.
Natasha is moderately wounded.
You hit Natasha but do no damage. You bite Natasha.
Natasha is heavily wounded.
Natasha claws you!
You die...

#.................#
#...######..........#
#...###
####..........# ...##
#.............# .#
#.............#
#..........†..#
#..........)..#
#...h..########
#...h### #....#.#
#......# ######.# #.#
#.# #.# #.### #...#


You could see Natasha.

Vanquished Creatures
  Jessica (D:2)
  Natasha (D:2)
  An adder (D:2)
  3 dart slugs (D:1)
  6 endoplasms
  A goblin (D:2)
  2 hobgoblins
  2 jackals (D:1)
  A quokka (D:1)
  6 ball pythons (D:1)
  A bat (D:1)
  2 frilled lizards (D:1)
  2 kobolds (D:1)
  2 rats (D:1)
31 creatures vanquished.

Notes
Turn   | Place    | Note
-------+----------+-------------------------------------------
     0 | D:1      | cforsyth the Vampire Shapeshifter began the quest for the
                  | Orb.
     0 | D:1      | Reached XP level 1. HP: 16/16 MP: 1/1
   168 | D:1      | Reached XP level 2. HP: 19/22 MP: 2/2
   539 | D:1      | Gained mutation: You are afflicted with vampirism and can
                  | become a bat while bloodless. [Vampire growth]
   539 | D:1      | Reached XP level 3. HP: 27/27 MP: 3/3
   854 | D:2      | Noticed Jessica
   857 | D:2      | Noticed Natasha
   859 | D:2      | Killed Jessica
   860 | D:2      | Reached XP level 4. HP: 22/34 MP: 4/4
   870 | D:2      | Killed Natasha
   881 | D:2      | Noticed Natasha
   913 | D:2      | HP: 1/34 [Natasha/magic dart (8)]
   917 | D:2      | Slain by Natasha

Illustrated notes

Levels and vault maps discovered:
D:1:      ncdulo_smallfort, layout_loops_ring
D:2:      layout_basic, dk_noncrumbling_2, uniq_natasha, uniq_jessica

Skill      XL: |  1  2  3 |
---------------+----------+-----
Fighting       | 2 |  2.6
Dodging        | 3 |  3.2
Unarmed Combat | 3 |  3.2
Shapeshifting  | |  3.8

Action                     |  1- 3 |  4- 6 || total
---------------------------+-------+-------++-------
  Melee: Unarmed           |    87 |    13 ||   100
         Bite              |     6 |     2 ||     8
   Stab: Sleeping          |     1 |       ||     1
 Armour: Animal skin       |    10 |     1 ||    11
  Dodge: Dodged            |    46 |     7 ||    53

Table legend: (Time is in decaauts)
 A = Elapsed time spent in this place.
 B = Non-inter-level travel time spent in this place.
 C = Inter-level travel time spent in this place.
 D = Time resting spent in this place.
 E = Time spent auto-exploring this place.
 F = Levels seen in this place.
 G = Mean time per level.
                   A        B        C        D        E       F      G
               +--------+--------+--------+--------+--------+-----+--------+
         Total |    917 |    905 |     12 |      0 |    689 |   2 |  458.5 |
       Dungeon |    917 |    905 |     12 |      0 |    689 |   2 |  458.5 |
               +--------+--------+--------+--------+--------+-----+--------+

Top non-repeatable levels by time:
     D:1: 707 daAuts
     D:2: 210 daAuts
